 Seeded DCSS version 0.30.1-9-gdf580d7c3d (webtiles) character file.

Game seed: 7229806256980976716 (custom seed)

452 Psyclone the Conjurer (level 7, 41/41 HPs)
             Began as an Octopode Conjurer on Sept 28, 2023.
             Quit the game on level 4 of the Dungeon.
             The game lasted 00:09:04 (3810 turns).

Psyclone the Conjurer (Octopode Conjurer)           Turns: 3810, Time: 00:09:05

Health: 41/41      AC:  1    Str:  6    XL:     7   Next: 5%
Magic:  12/14      EV: 13    Int: 22    God:
Gold:   184        SH:  0    Dex: 11    Spells: 12/15 levels left

rFire   . . .        p - +1 morningstar (holy)
rCold   . . .        (no shield)
rNeg    + . .        (helmet restricted)
rPois   .            (no amulet)
rElec   +            c - ring of the Mage {Wiz Archmagi}
rCorr   +            d - ring "Mymuv" {rElec rN+ rCorr SInv}
SInv    +            (no ring)
Will    .....        (no ring)
Stlth   +++          (no ring)
HPRegen 0.26/turn    (no ring)
MPRegen 0.14/turn    (no ring)
                     (no ring)

%: wizardry (x1), archmagi
@: no status effects
A: almost no armour, amphibious, 8 rings, camouflage 1, gelatinous body 1,
(nimble swimmer 1), tentacles
a: no special abilities


You were on level 4 of the Dungeon.
You visited 1 branch of the dungeon, and saw 6 of its levels.

You collected 184 gold pieces.

Inventory:

Hand Weapons
 f - a +0 dagger
 p - a +1 morningstar of holy wrath (weapon)
Missiles
 i - a throwing net {!f}
Jewellery
 c - the ring of the Mage (left tentacle) {Wiz Archmagi}
   (You acquired it on level 1 of the Dungeon)

   [ring of wizardry]

   It improves your spell success rate.
   Archmagi:  It increases the power of your magical spells.
 d - the ring "Mymuv" (right tentacle) {rElec rN+ rCorr SInv}
   (You acquired it on level 1 of the Dungeon)

   [ring of resist corrosion]

   rElec:     It insulates you from electricity.
   rN:        It protects you from negative energy.
   SInv:      It lets you see invisible.
   rCorr:     It protects you from acid and corrosion.
Scrolls
 b - 3 scrolls of amnesia {unknown}
 e - a scroll of teleportation {unknown}
 h - 2 scrolls of blinking {unknown}
 j - 6 scrolls of identify {unknown}
 k - a scroll of enchant armour {unknown}
 q - a scroll of poison {unknown}
 r - a scroll of brand weapon {unknown}
 x - a scroll of enchant weapon {unknown}
 y - a scroll of vulnerability {unknown}
 z - a scroll of torment {unknown}
 A - a scroll of immolation {unknown}
Potions
 a - a potion of magic
 g - 2 potions of mutation {unknown}
 l - a potion of might {unknown}
 m - 3 potions of curing {unknown}
 n - a potion of invisibility {unknown}
 o - 2 potions of brilliance {unknown}
 s - a potion of lignification {unknown}
 t - a potion of attraction {unknown}
 u - a potion of heal wounds {unknown}
 v - 2 potions of flight {unknown}
 w - a potion of cancellation {unknown}


   Skills:
 - Level 2.0 Dodging
 - Level 2.6 Stealth
 + Level 4.7 Spellcasting
 + Level 6.6 Conjurations


You had 12 spell levels left.
You knew the following spells:

 Your Spells              Type           Power      Damage    Failure   Level
a - Magic Dart            Conj           100%       1d8       1%          1
b - Searing Ray           Conj           100%       2d8       1%          2

Your spell library contained the following spells:

 Spells                   Type           Power      Damage    Failure   Level
 Dazzling Flash           Conj/Hex       58%        N/A       3%          3
 Mephitic Cloud           Conj/Pois/Air  22%        N/A       5%          3
 Cigotuvi's Dreadful Rot  Necr/Pois/Air  14%        N/A       6%          2
 Poisonous Vapours        Pois/Air       14%        N/A       6%          2
 Fulminant Prism          Conj/Hex       14%        3d8       11%         4
 Iskenderun's Mystic Bla  Conj/Tloc      29%        2d7       11%         4
 Ignite Poison            Fire/Tmut/Pois 7%         N/A       12%         3
 Ozocubu's Armour         Ice            7%         N/A       12%         3
 Dispel Undead            Necr           7%         3d8       38%         4
 Ice Form                 Ice/Tmut       7%         N/A       38%         4
 Olgreb's Toxic Radiance  Pois           7%         N/A       38%         4
 Freezing Cloud           Conj/Ice/Air   11%        6-21      41%         5
 Death Channel            Necr           3%         N/A       99%         6
 Eringya's Noxious Bog    Tmut/Pois      3%         N/A       99%         6


Dungeon Overview and Level Annotations

Branches:
Dungeon (6/15) Zot: 26962  Temple (0/1) D:4

Altars:
Elyvilon
Qazlal
Zin
The Shining One

Annotations:
D:3 3 runed translucent doors, Gatsu's ghost, amateur HOFi


Innate Abilities, Weirdness & Mutations

You cannot wear most types of armour.
You are amphibious.
You can wear up to eight rings at the same time.
Your skin changes colour to match your surroundings (Stealth+).
Your rubbery body absorbs attacks. (AC +1, EV +1)
((You are camouflaged when in or above water. (Stealth+)))
You have tentacles for arms and can constrict up to eight enemies at once.


Message History

You take 5 damage, and have 29/36 hp.
You barely miss the sky beast.
The sky beast is almost dead.
The sky beast closely misses you. The sky beast hits you.
The sky beast shocks you. You resist.
You take 6 damage, and have 23/36 hp.
You closely miss the sky beast.
The sky beast is almost dead.
The sky beast flickers out of sight for a moment.
The sky beast misses you.
You puncture the sky beast!
You kill the sky beast!
You have reached level 7!
You regained 3 hp, and now have 27/41 hp.
Items here: )) [[.
Found 16 gold pieces.
You now have 184 gold pieces (gained 16).
A black bear comes into view.
Found a stone staircase leading up.
The black bear growls angrily.
Found a stone staircase leading up.
There is a stone staircase leading up here.
You climb upwards.
Found a leather armour.
There is a stone staircase leading down here.
Found 11 gold pieces.
Found an escape hatch in the floor.
Found a trident.
Found an escape hatch in the ceiling.
Health restored: 41
There is an escape hatch in the ceiling here.
There is an escape hatch in the ceiling here.
A mysterious force pulls you upwards. The hatch slams shut behind you.
You hear the hiss of flowing sand.
There is an entrance to an ossuary on this level.
Hurry and find it before the portal is buried!
The walls and floor vibrate strangely for a moment.
You see here 3 stones.
There is an open door, spattered with blood here.
There is a collapsed entrance here.
You can't go down here!
Are you sure you want to abandon this character and quit the game? (Confirm with "yes".)

##.#.....# ##........#
##..#......# #########..###.....#
..........##.##....#
####..#..###'###...######
........#.......#..##...
#......###.....###..#.#####......
......##.##...##@##..............
.....###'###.###'###..####.......
.................................
....##....####...###.............
....#..##..# ##..###.######.>....
...........# #..##.(######>.#...
†..##...##.# #..................
...##...##.# ##..##...#####.....<
....^......###.<.....######......


There were no monsters in sight!

Vanquished Creatures
  A sky beast (D:6)
  A scorpion (D:4)
  A jelly (D:2)
  An orc priest (D:6)
  A hound (D:6)
  A sleepcap (D:4)
  A mummy (D:4)
  8 adders
  An ufetubus (D:3)
  3 worms
  4 orcs (D:6)
  5 bats
  4 endoplasms
  6 giant cockroaches
  4 goblins
  6 hobgoblins
  20 jackals
  4 quokkas
  6 ball pythons
  A frilled lizard (D:1)
  A goblin zombie (D:4)
  An orc zombie (D:4)
  4 rats
85 creatures vanquished.

Notes
Turn   | Place    | Note
-------+----------+-------------------------------------------
     0 | D:1      | Psyclone the Octopode Conjurer began the quest for the Orb.
     0 | D:1      | Reached XP level 1. HP: 11/11 MP: 3/3
    57 | D:1      | Identified 3 scrolls of acquirement
    57 | D:1      | Acquired Wiyr Moe's Elucidation of Cankerous Chilblains
    62 | D:1      | Acquired the ring "Mymuv" {rElec rN+ rCorr SInv}
    63 | D:1      | Acquired the ring of the Mage {Wiz Archmagi}
    63 | D:1      | Found the ring of the Mage {Wiz Archmagi}
   242 | D:1      | Reached XP level 2. HP: 17/17 MP: 3/5
   245 | D:1      | Learned a level 2 spell: Searing Ray
   852 | D:1      | Reached XP level 3. HP: 21/21 MP: 3/6
  1561 | D:2      | Reached XP level 4. HP: 15/27 MP: 0/8
  1777 | D:2      | Reached skill level 5 in Conjurations
  1931 | D:2      | Reached XP level 5. HP: 31/31 MP: 5/10
  2529 | D:3      | Found a runed translucent gate.
  2529 | D:3      | Found a runed translucent gate.
  2529 | D:3      | Found a runed translucent gate.
  2537 | D:3      | Noticed Gatsu's ghost (amateur HOFi)
  2585 | D:3      | Found a glowing silver altar of Zin.
  3195 | D:4      | Found a white marble altar of Elyvilon.
  3266 | D:4      | Found a glowing golden altar of the Shining One.
  3369 | D:4      | Reached XP level 6. HP: 36/36 MP: 7/12
  3409 | D:4      | Found a stormy altar of Qazlal.
  3417 | D:4      | Reached skill level 6 in Conjurations
  3435 | D:4      | Found a staircase to the Ecumenical Temple.
  3513 | D:4      | Found a sand-covered staircase.
  3572 | D:4      | You fall into a shaft and drop 2 floors!
  3725 | D:6      | Noticed a sky beast
  3733 | D:6      | Killed a sky beast
  3734 | D:6      | Reached XP level 7. HP: 27/41 MP: 1/14
  3772 | D:5      | Entered Level 5 of the Dungeon
  3810 | D:4      | Quit the game

Illustrated notes

Levels and vault maps discovered:
D:1:      spicycebolla_arrival_ecumenical, layout_loops_ring
D:2:      layout_basic
D:3:      layout_rooms, mainiacjoe_overflow_paths, gammafunk_ghost_necromancy
D:4:      layout_rooms, tso_metal_star, mainiacjoe_overflow_catwalk,
          elyvilon_altar_5, minmay_temple_entry_stoned_glass,
          nicolae_ossuary_entry_giza, minmay_misc_feat_square, minivault_4
D:5:      layout_basic
D:6:      kennysheep_six_static_rooms, layout_basic, serial_shops,
          nicolae_shop_stone, serial_bayou_lagoon_b

Skill      XL: |  1  2  3  4  5  6 |
---------------+-------------------+-----
Spellcasting   | 3 4 |  4.7
Conjurations   | 5 6 |  6.6
Dodging        | |  2.0
Stealth        | |  2.6

Action                     |  1- 3 |  4- 6 |  7- 9 || total
---------------------------+-------+-------+-------++-------
  Melee: Unarmed           |     3 |       |       ||     3
         Tentacles         |     2 |     3 |       ||     5
         Dagger            |     3 |     6 |       ||     9
         Constrict         |     1 |     4 |       ||     5
         Punch             |       |     1 |       ||     1
         Morningstar       |       |    14 |       ||    14
   Cast: Magic Dart        |    65 |    78 |       ||   143
         Searing Ray       |     3 |    11 |       ||    14
    Use: Scroll            |     3 |       |       ||     3
   Stab: Sleeping          |       |     4 |       ||     4
 Armour: Skin              |     1 |     2 |       ||     3
  Dodge: Dodged            |     8 |    21 |       ||    29
